 Dungeon Crawl Stone Soup version 0.30.1-11-g7821555f0a (webtiles) character file.

Game seed: 11946977990840611507

77 Gumption the Chopper (level 4, 0/41 HPs)
             Began as a Minotaur Berserker on Nov 10, 2023.
             Was a Believer of Trog.
             Slain by a gnoll
             ... wielding a +1 spear of venom
              (1 damage)
             ... on level 2 of the Dungeon.
             The game lasted 00:04:15 (1171 turns).

Gumption the Chopper (Minotaur Berserker)           Turns: 1171, Time: 00:04:16

Health: 0/41       AC: 12    Str: 23    XL:     4   Next: 13%
Magic:  3/3        EV:  7    Int:  4    God:    Trog [**....]
Gold:   109        SH:  0    Dex: 10    Spells: 3/3 levels left

rFire   . . .        a - +0 hand axe
rCold   + . .        (no shield)
rNeg    . . .        c - +1 plate armour {rC+}
rPois   .            (helmet restricted)
rElec   .            (no cloak)
rCorr   .            (no gloves)
SInv    .            (no boots)
Will    .....        (no amulet) Stlth
                     (no ring)
HPRegen 0.26/turn    (no ring)
MPRegen 0.08/turn

%: no passive effects
@: lethally poisoned (0 -> -19)
A: horns 2, retaliatory headbutt
a: Renounce Religion, Berserk, Trog's Hand


You were on level 2 of the Dungeon.
You worshipped Trog.
Trog was pleased with you.
You visited 1 branch of the dungeon, and saw 2 of its levels.

You collected 109 gold pieces.

Inventory:

Hand Weapons
 a - a +0 hand axe (weapon)
Armour
 b - a +0 animal skin
 c - a +1 plate armour of cold resistance (worn)
Scrolls
 e - a scroll of teleportation {unknown}
 f - a scroll of fog {unknown}
 h - a scroll of acquirement {unknown}
 i - a scroll of identify {unknown}
Potions
 d - a potion of heal wounds
 g - 2 potions of flight {unknown}
 j - a potion of degeneration {unknown}
 k - a potion of brilliance {unknown}


   Skills:
 + Level 4.3 Fighting
 * Level 4.8 Axes
 + Level 3.3 Armour
 - Level 2.4 Dodging


You had 3 spell levels left.
You didn't know any spells.
Your spell library was empty.

Dungeon Overview and Level Annotations

Branches:
Dungeon (2/15)

Altars:


Innate Abilities, Weirdness & Mutations

You have a pair of horns on your head.
You reflexively headbutt those who attack you in melee.


Message History

The gnoll barely misses you.
The gnoll hits you from afar with a +1 spear of venom.
You are poisoned.
You barely miss the gnoll. You headbutt the gnoll!
You kill the gnoll!
Trog accepts your kill.
You feel very sick.
The gnoll hits you from afar with a +1 spear of venom.
You are lethally poisoned!
You have reached level 4!
You feel agile.
It was a potion of heal wounds.
You feel much better.
You feel very sick. The gnoll barely misses you.
You feel very sick.
The gnoll hits you with a +1 spear of venom.
You are lethally poisoned!
Things that are here:
a +0 flail; a gnoll corpse You closely miss the gnoll.
You headbutt the gnoll, but do no damage.
You feel very sick. The gnoll barely misses you.
You hit the gnoll but do no damage.
You feel very sick.
The gnoll hits you with a +1 spear of venom.
* * * LOW HITPOINT WARNING * * *
You are more poisoned.
You barely miss the gnoll.
You headbutt the gnoll, but do no damage.
* * * LOW HITPOINT WARNING * * *
You feel very sick. The gnoll hits you but does no damage.
You are more poisoned.
You hit the gnoll. You headbutt the gnoll.
The gnoll is moderately wounded.
* * * LOW HITPOINT WARNING * * *
You feel very sick.
The gnoll hits you with a +1 spear of venom.
You die...

# # # ####### ##.########..##
#.....# #.........#.... #>....#
#...........$.###########.....##
............wrg@..............'.
#...<......##########......##
#.#†.).....# #...#### #.##.....#
##### .. .....?. >.. ....r..
#.#. # g.... #... .... #... ....


You could see a worm, a gnoll and a rat.

Vanquished Creatures
  2 adders (D:2)
  3 gnolls
  2 bats
  5 endoplasms
  2 giant cockroaches (D:1)
  2 goblins
  4 hobgoblins
  3 kobolds (D:1)
  A ball python (D:1)
  2 frilled lizards (D:1)
  3 rats (D:1)
29 creatures vanquished.

Notes
Turn   | Place    | Note
-------+----------+-------------------------------------------
     0 | D:1      | Gumption the Minotaur Berserker began the quest for the
                  | Orb.
     0 | D:1      | Reached XP level 1. HP: 19/19 MP: 0/0
    29 | D:1      | Reached XP level 2. HP: 9/27 MP: 1/1
   209 | D:1      | Found a faded altar of an unknown god.
   711 | D:1      | Reached XP level 3. HP: 33/33 MP: 2/2
  1044 | D:2      | Reached ** piety under Trog
  1166 | D:2      | Reached XP level 4. HP: 22/41 MP: 3/3
  1171 | D:2      | HP: 1/41 [poisoned by a gnoll]
  1171 | D:2      | Slain by a gnoll

Illustrated notes

Levels and vault maps discovered:
D:1:      dpeg_arrival_erosion, layout_basic,
          hellmonk_ecumenical_altar_crossroads, minmay_misc_feat_iff
D:2:      minmay_angry_zag, layout_basic

Skill      XL: |  1  2 |
---------------+-------+-----
Axes           | 4 |  4.8
Fighting       | 4 |  4.3
Armour         | 3 |  3.3
Dodging        | |  2.4

Action                     |  1- 3 |  4- 6 || total
---------------------------+-------+-------++-------
  Melee: Hand axe          |    81 |     4 ||    85
         Headbutt          |    10 |     3 ||    13
         Punch             |     1 |       ||     1
    Use: Potion            |       |     1 ||     1
 Armour: Plate armour      |    41 |     1 ||    42
  Dodge: Dodged            |    31 |     2 ||    33
